 Dungeon Crawl Stone Soup version 0.26.1-11-gd32895ea62 (webtiles) character file.

Game seed: 11701759091087918300

7982 ubername the Frost Mage (level 11, -5/68 (78) HPs)
             Began as a Barachi Ice Elementalist on July 10, 2021.
             Was a Priest of Vehumet.
             Succumbed to Sonja's poison
             ... on level 10 of the Dungeon on July 11, 2021.
             The game lasted 00:43:58 (10174 turns).

ubername the Frost Mage (Barachi Ice Elementalist) Turns: 10174, Time: 00:44:00

HP:   -5/68 (78)    AC:  9    Str:  7    XL:     11   Next: 23%
MP:   23/23         EV: 17    Int: 18    God:    Vehumet [***...]
Gold: 293           SH:  0    Dex: 12    Spells: 10/27 levels left

rFire    + . .     SeeInvis +   a - +4 dagger (freeze)
rCold    + + +     Faith    .   (no shield)
rNeg     . . .     Spirit   .   y - +1 robe {rC+}
rPois    .         Reflect  .   m - +2 hat
rElec    .         Harm     .   l - scarf {+Inv}
rCorr    .         Rampage  +   f - +0 pair of gloves
Will     .....                  D - +2 pair of boots "Ihimiv" {Rampage rC+ Str-4 SInv}
Stlth    ++........             r - amulet of regeneration
HPRegen  0.61/turn              u - ring of protection from fire
MPRegen  0.18/turn              (no ring)

@: lethally poisoned (-5 -> -57), can't hop, slowed, heavily drained, very slow
A: +LOS, swims, repulsion field 1, blurry vision 1, cold resistance 1, slowness
1, strong legs 1
a: Hop, Renounce Religion, Evoke Invisibility


You were on level 10 of the Dungeon.
You worshipped Vehumet.
Vehumet was most pleased with you.
You visited 2 branches of the dungeon, and saw 12 of its levels.
You also visited: Ossuary.

You collected 566 gold pieces.
You spent 273 gold pieces at shops.

Inventory:

Hand Weapons
 a - a +4 dagger of freezing (weapon)
 b - a +2 hunting sling
 c - a +1 dagger of flaming
 w - a +3 dagger
Missiles
 d - 51 poisoned darts
 g - 6 curare-tipped darts
 i - 2 silver boomerangs (quivered)
 j - 363 stones
 k - 4 boomerangs
 t - 38 sling bullets
Armour
 f - a +0 pair of gloves (worn)
 l - a scarf of invisibility (worn)
 m - a +2 hat (worn)
 p - a +0 pair of boots
 y - a +1 robe of cold resistance (worn)
 D - the +2 pair of boots "Ihimiv" (worn) {Rampage rC+ Str-4 SInv}
   (You found it on level 10 of the Dungeon)

   It affects your strength (-4).
   It protects you from cold.
   It lets you see invisible.
   It bestows one free step when moving towards enemies.
Magical Staves
 E - an uncursed staff of air
Jewellery
 n - an uncursed amulet of guardian spirit {unknown}
 r - an amulet of regeneration (around neck)
 u - a ring of protection from fire (left hand)
Wands
 h - a wand of iceblast (7)
 o - a wand of flame (16)
 q - a wand of enslavement (25)
 F - a wand of polymorph (11)
Scrolls
 v - 3 scrolls of remove curse
 x - a scroll of teleportation
 A - a scroll of fear
 B - 5 scrolls of magic mapping
 C - a scroll of identify
Potions
 e - 4 potions of curing
 s - 2 potions of heal wounds


   Skills:
 - Level 4.9 Fighting
 - Level 4.8 Short Blades
 + Level 4.1(4.9) Slings
 - Level 3.9(4.8) Throwing
 * Level 6.8 Dodging
 - Level 1.7 Stealth
 + Level 8.8 Spellcasting
 + Level 10.6 Ice Magic
 * Level 5.1 Air Magic
 * Level 5.0 Poison Magic


You had 10 spell levels left.
You knew the following spells:

 Your Spells              Type           Power        Failure   Level
a - Freeze                Ice            100%         1%          1
b - Frozen Ramparts       Ice            92%          1%          3
c - Ozocubu's Armour      Ice            46%          1%          3
d - Shock                 Conj/Air       68%          1%          1
e - Mephitic Cloud        Conj/Pois/Air  20%          1%          3
f - Ignite Poison         Fire/Tmut/Pois 14%          4%          3
g - Static Discharge      Conj/Air       17%          2%          3

Your spell library contained the following spells:

 Spells                   Type           Power        Failure   Level
 Inner Flame              Hex/Fire       7%           7%          3
 Ensorcelled Hibernation  Hex/Ice        54%          1%          2
 Poisonous Vapours        Pois/Air       52%          1%          2
 Magic Dart               Conj           28%          2%          1
 Hailstorm                Conj/Ice       27%          2%          4
 Sting                    Tmut/Pois      68%          3%          1
 Olgreb's Toxic Radiance  Pois           26%          3%          4
 Searing Ray              Conj           14%          4%          2
 Dazzling Flash           Conj/Hex       14%          7%          3
 Corona                   Hex            7%           9%          1
 Summon Ice Beast         Ice/Summ       27%          10%         4
 Fulminant Prism          Conj/Hex       3%           22%         4
 Iskenderun's Mystic Bla  Conj/Tloc      7%           22%         4
 Confusing Touch          Hex            7%           26%         3
 Tukima's Dance           Hex            7%           26%         3


Dungeon Overview and Level Annotations

Branches:
Dungeon (11/15)            Temple (1/1) D:4            Lair (0/6) D:10
Ossuary (visited)
    Orc: D:9-12

Altars:
Ashenzari
Cheibriados
Dithmenos
Elyvilon
Fedhas
Gozag
Hepliaklqana
Kikubaaqudgha
Makhleb
Nemelex Xobeh
Okawaru
Qazlal
Ru
Sif Muna
Trog
Uskayaw
Vehumet
Wu Jian
Xom
Yredelemnul
Zin
The Shining One

Shops:
D:4 [   D:7 [   D:10 :

Annotations:
D:7 Menkaure
D:9 Pikel
D:11 Sonja


Innate Abilities, Weirdness & Mutations

You can be seen from farther away. (+LOS)
You can swim through water.
You cover ground slowly.
You can hop short distances.
You are surrounded by a mild repulsion field. (EV +2)
Scrolls take you a little longer to read.
Your flesh is cold resistant. (rC+)


Message History

Sonja hits you with a +1 short sword of venom.
Sonja closely misses you. Sonja hits you but does no damage.
You are lethally poisoned!
Sonja hits you with a +1 short sword of venom!
* * * LOW HITPOINT WARNING * * *
You are more poisoned.
Sonja hits you with a +1 short sword of venom.
* * * LOW HITPOINT WARNING * * *
You are more poisoned.
Sonja hits you but does no damage.
You are more poisoned.
There is a stone staircase leading up, spattered with blood here.
* * * LOW HITPOINT WARNING * * *
You feel extremely sick. Sonja completely misses you.
Sonja hits you but does no damage. x2
You are more poisoned.
Sonja casts a spell.
Sonja blinks!
You climb upwards.
You die...

#######'## #..#
#........# ######.##
#........# #........
#........# #####<.......
#.....)..###[...........
#........##..###........
#........'..## #........
#........#### #........
#......@[# #......<.
########## #>......)
#.......) #........
#########


There were no monsters in sight!

Vanquished Creatures
  A two-headed ogre (D:8)
  2 unseen horrors
  An ugly thing (D:11)
  Joseph (D:7)
  A troll (D:10)
  Grinder (D:4)
  Sigmund (D:3)
  10 yaks
  Eustachio (D:4)
  Duvessa (D:4)
  3 orc warriors
  A black bear (D:10)
  2 sky beasts
  A phantom (D:8)
  2 ogres
  A centaur (D:5)
  A big kobold (D:10)
  A lemure (D:10)
  5 bullfrogs
  4 scorpions (D:4)
  Dowan (D:4)
  9 wights (D:11)
  2 howler monkeys
  A quasit (D:8)
  A gnoll shaman (D:7)
  2 jellies
  7 orc priests
  A centaur zombie (D:10)
  3 hounds
  8 orc wizards
  3 centaur skeletons
  4 iguanas
  4 worker ants
  A hound skeleton (D:4)
  A mummy (Ossuary)
  3 gnolls (D:7)
  A worker ant zombie (D:7)
  6 adders
  3 white imps
  An ufetubus (D:5)
  An ooze (D:5)
  2 adder zombies
  2 adder skeletons (D:5)
  2 worms
  A dart slug (D:3)
  3 leopard geckos
  28 orcs
  4 giant cockroaches
  A goblin (D:2)
  5 hobgoblins
  15 jackals
  A quokka (D:2)
  A ball python (D:6)
  4 bats
  5 frilled lizards
  A goblin zombie (Ossuary)
  11 hobgoblin zombies (Ossuary)
  9 kobolds
  8 kobold zombies (Ossuary)
  A leopard gecko skeleton (D:6)
  5 orc zombies (Ossuary)
  A quokka zombie (D:6)
  6 rats
220 creatures vanquished.

Vanquished Creatures (others)
  15 plants (D:10)
15 creatures vanquished.

Grand Total: 235 creatures vanquished

Notes
Turn   | Place    | Note
-------+----------+-------------------------------------------
     0 | D:1      | ubername the Barachi Ice Elementalist began the quest for
                  | the Orb.
     0 | D:1      | Reached XP level 1. HP: 13/13 MP: 3/3
   333 | D:1      | Reached skill level 5 in Ice Magic
   730 | D:1      | Reached XP level 2. HP: 19/19 MP: 3/5
  1296 | D:2      | Found an opulent altar of Gozag.
  1313 | D:2      | Found an iron altar of Okawaru.
  1871 | D:3      | Reached XP level 3. HP: 23/25 MP: 2/6
  1875 | D:3      | Learned a level 3 spell: Frozen Ramparts
  2073 | D:3      | Reached skill level 1 in Fighting
  2132 | D:3      | Noticed Sigmund
  2272 | D:3      | Killed Sigmund
  2273 | D:3      | Reached skill level 1 in Short Blades
  2273 | D:3      | Reached skill level 6 in Ice Magic
  2273 | D:3      | Reached XP level 4. HP: 33/33 MP: 3/8
  2273 | D:3      | Reached XP level 5. HP: 38/38 MP: 3/9
  2489 | D:3      | Reached XP level 6. HP: 44/44 MP: 6/10
  2852 | D:3      | Gained mutation: You are clumsy. (Dex -2) [potion of
                  | mutation]
  2852 | D:3      | Gained mutation: Your body sometimes deteriorates upon
                  | taking damage. [potion of mutation]
  2852 | D:3      | Gained mutation: Your spells are a little easier to cast,
                  | but a little less powerful. [potion of mutation]
  2852 | D:3      | Gained mutation: Your flesh is cold resistant. (rC+)
                  | [potion of mutation]
  3172 | D:4      | Learned a level 3 spell: Ozocubu's Armour
  3174 | D:4      | Noticed a sky beast
  3189 | D:4      | Killed a sky beast
  3190 | D:4      | Reached XP level 7. HP: 34/52 MP: 3/12
  3310 | D:4      | Found a sand-covered staircase.
  3315 | Ossuary  | Entered an ossuary
  3940 | D:4      | Noticed Eustachio
  3985 | D:4      | Found a staircase to the Ecumenical Temple.
  3991 | Temple   | Entered the Ecumenical Temple
  4107 | Temple   | Became a worshipper of Vehumet
  4161 | D:4      | Lost mutation: You are clumsy. (Dex -2) [potion of
                  | mutation]
  4161 | D:4      | Lost mutation: Your spells are a little easier to cast, but
                  | a little less powerful. [potion of mutation]
  4161 | D:4      | Lost mutation: Your body sometimes deteriorates upon taking
                  | damage. [potion of mutation]
  4161 | D:4      | Gained mutation: Scrolls take you a little longer to read.
                  | [potion of mutation]
  4161 | D:4      | Gained mutation: You are surrounded by a mild repulsion
                  | field. (EV +2) [potion of mutation]
  4471 | D:4      | Killed Eustachio
  4552 | D:4      | Reached skill level 7 in Ice Magic
  4552 | D:4      | Reached XP level 8. HP: 60/60 MP: 10/14
  4593 | D:4      | Noticed Grinder
  4620 | D:4      | Killed Grinder
  4702 | D:4      | Found Teojac's Antique Armour Boutique.
  4705 | D:4      | Bought a pair of boots for 108 gold pieces
  4925 | D:4      | Noticed Dowan
  4926 | D:4      | Noticed Duvessa
  4950 | D:4      | Killed Dowan
  4952 | D:4      | Killed Duvessa
  4953 | D:4      | Reached skill level 5 in Spellcasting
  5180 | D:5      | Entered Level 5 of the Dungeon
  5372 | D:5      | Reached skill level 8 in Ice Magic
  5437 | D:5      | Reached * piety under Vehumet
  5437 | D:5      | Offered knowledge of Shock by Vehumet.
  5765 | D:5      | Found a bloodstained altar of Trog.
  5777 | D:5      | Learned a level 1 spell: Shock
  6044 | D:6      | Reached XP level 9. HP: 58/67 MP: 9/17
  6364 | D:6      | Reached skill level 1 in Slings
  6922 | D:7      | Found Urchidgh's Armour Boutique.
  6935 | D:7      | Reached skill level 9 in Ice Magic
  6986 | D:7      | Bought a +1 robe of cold resistance for 165 gold pieces
  7005 | D:7      | Learned a level 3 spell: Mephitic Cloud
  7009 | D:7      | Learned a level 3 spell: Ignite Poison
  7122 | D:7      | Noticed Joseph
  7129 | D:7      | Offered knowledge of Searing Ray by Vehumet.
  7130 | D:7      | Reached skill level 1 in Air Magic
  7204 | D:7      | Reached ** piety under Vehumet
  7256 | D:7      | Killed Joseph
  7257 | D:7      | Reached skill level 1 in Poison Magic
  7582 | D:7      | Noticed Menkaure
  7915 | D:8      | Noticed a two-headed ogre
  7927 | D:8      | Killed a two-headed ogre
  7928 | D:8      | Reached XP level 10. HP: 63/73 MP: 13/20
  7947 | D:9      | Noticed Pikel
  7951 | D:10     | Entered Level 10 of the Dungeon
  7963 | D:10     | Reached skill level 5 in Dodging
  8072 | D:10     | Got a pair of brightly glowing boots
  8083 | D:10     | Identified the +2 pair of boots "Ihimiv" {Rampage rC+ Str-4
                  | SInv} (You found it on level 10 of the Dungeon)
  8131 | D:10     | Found Vetse's Book Shoppe.
  8314 | D:10     | Offered knowledge of Static Discharge by Vehumet.
  8411 | D:10     | Found a staircase to the Lair.
  8504 | D:10     | Reached skill level 10 in Ice Magic
  8703 | D:10     | Reached *** piety under Vehumet
  8734 | D:10     | Learned a level 3 spell: Static Discharge
  8779 | D:10     | Noticed an unseen horror
  8794 | D:10     | Killed an unseen horror
  9136 | D:11     | Reached XP level 11. HP: 62/78 MP: 23/23
  9197 | D:11     | Noticed an unseen horror
  9207 | D:11     | Killed an unseen horror
  9208 | D:11     | Found a gate leading to a gauntlet.
  9419 | D:11     | Noticed a cyan ugly thing
  9427 | D:11     | Killed a cyan ugly thing
  9428 | D:11     | Reached skill level 5 in Air Magic
  9428 | D:11     | Reached skill level 5 in Poison Magic
  9457 | D:11     | Offered knowledge of Inner Flame by Vehumet.
 10142 | D:11     | Noticed Sonja
 10174 | D:10     | Succumbed to Sonja's poison

Illustrated notes

Levels and vault maps discovered:
D:1:      dpeg_arrival_arbitrary_a, layout_basic
D:2:      layout_rooms, general_overflow_altar, okawaru_trees_1
D:3:      layout_loops_ring, uniq_sigmund
D:4:      layout_cave_pools, minmay_temple_entry_wispy, serial_shops,
          kennysheep_mini_moat, enter_ossuary_5, uniq_grinder, uniq_duvessa,
          uniq_eustachio
D:5:      layout_cave_pools, bloody_trog
D:6:      layout_cave_pools
D:7:      layout_cave_pools, serial_shops, nicolae_shop_waterfront, uniq_joseph,
          uniq_menkaure, uniq_crazy_yiuf_cottage
D:8:      layout_gridville, guppyfry_shop_venom
D:9:      layout_long_grid, minmay_orc_entry_guard_dogs, uniq_pikel
D:10:     layout_roguey, dpeg_oklobed_lair, serial_shops,
          nicolae_shop_window_shopping
D:11:     layout_long_grid, gauntlet_entry_generic, uniq_sonja
Temple:   kilobyte_greek_temple

Skill      XL: |  1  2  3  4  5  6  7  8  9 10 11 |
---------------+----------------------------------+-----
Ice Magic      | 5 6 7 8 9 10 | 10.6
Fighting       | 2 3 4 |  4.9
Short Blades   | 1 2 3 4 |  4.8
Throwing       | 2 3 |  3.9
Spellcasting   | 3 4 5 7 8 |  8.8
Dodging        | 3 4 6 |  6.8
Slings         | 3 4 |  4.1
Air Magic      | 3 4 5 |  5.1
Poison Magic   | 2 4 5 |  5.0
Stealth        | |  1.7

Action                   |  1- 3 |  4- 6 |  7- 9 | 10-12 || total
-------------------------+-------+-------+-------+-------++-------
Melee: Short sword       |    13 |       |       |       ||    13
       Dagger            |     9 |    21 |   244 |   212 ||   486
 Fire: Hunting sling     |       |     6 |    66 |    21 ||    93
Throw: Dart              |    36 |    12 |    31 |     5 ||    84
       Boomerang         |       |       |       |    11 ||    11
 Cast: Freeze            |    15 |     2 |    13 |     4 ||    34
       Frozen Ramparts   |     2 |    10 |    45 |    24 ||    81
       Ozocubu's Armour  |       |     1 |    28 |    15 ||    44
       Shock             |       |       |    18 |    17 ||    35
       Ignite Poison     |       |       |       |     5 ||     5
       Mephitic Cloud    |       |       |       |     4 ||     4
 Abil: Hop               |       |       |     1 |     2 ||     3
  Use: Scroll            |     1 |     5 |     8 |     3 ||    17
       Potion            |       |     4 |     6 |     4 ||    14
 Stab: Sleeping          |       |       |     1 |       ||     1
       Confused          |       |       |       |     1 ||     1
Armor: Robe              |     9 |    10 |    80 |    59 ||   158
Dodge: Dodged            |    30 |    22 |   193 |   167 ||   412
